 Dungeon Crawl Stone Soup version 0.30.0-19-g36f170ea60 (webtiles) character file.

Game seed: 8949479207673751777

19840 croobank the Cleaver (level 12, -2/91 HPs)
             Began as a Demonspawn Delver on May 26, 2023.
             Was an Elder of Wu Jian.
             Slain by a skeletal warrior
             ... wielding a +0 war axe
              (19 damage)
             ... on level 12 of the Dungeon.
             The game lasted 01:10:26 (14122 turns).

croobank the Cleaver (Demonspawn Delver)           Turns: 14122, Time: 01:10:27

Health: -2/91      AC: 22    Str: 13    XL:     12   Next: 40%
Magic:  15/15      EV: 12    Int: 17    God:    Wu Jian [****..]
Gold:   1036       SH:  5    Dex: 14    Spells: 11/15 levels left

rFire   + . .        a - +5 war axe of Distant Worlds {elec, rElec rF+}
rCold   . . .        (no shield)
rNeg    . . .        Z - +1 plate armour {Will+}
rPois   +            (no helmet)
rElec   +            J - +2 cloak {rPois}
rCorr   .            P - +0 pair of gloves
SInv    .            l - +0 pair of boots
Will    ++...        T - amulet of reflection Stlth
                     k - ring of willpower
HPRegen 4.35/turn    V - +5 ring of evasion
MPRegen 0.14/turn

%: reflection
@: mighty, exhausted, sanguine armoured, in a heavenly storm, glowing, studying
Ranged Weapons
A: claws 1, ignite blood 1, powered by death 3, sanguine armour 1
a: Renounce Religion, Wall Jump, Serpent's Lash


You were on level 12 of the Dungeon.
You worshipped Wu Jian.
Wu Jian was greatly pleased with you.
You visited 2 branches of the dungeon, and saw 13 of its levels.

You collected 1036 gold pieces.

Inventory:

Hand Weapons
 a - the +5 war axe of Distant Worlds (weapon) {elec, rElec rF+}
   (You took it off a kobold on level 3 of the Dungeon)

   rF:        It protects you from fire.
   rElec:     It insulates you from electricity.
 b - a +0 shortbow
 E - a +0 antimagic hand axe
 K - a +11 quarterstaff
 S - the +9 great sword "Leckoy" {flame, rC+ SInv Stlth+}
   (You found it on level 8 of the Dungeon)

   rC:        It protects you from cold.
   SInv:      It lets you see invisible.
   Stlth:     It makes you more stealthy.
 U - a +2 dagger of speed
 W - the +3 scimitar of the Vestibule of Hell {venom, Str+2 Int-5 Dex+5}
   (You found it on level 8 of the Dungeon)

   Str:       It affects your strength (+2).
   Int:       It affects your intelligence (-5).
   Dex:       It affects your dexterity (+5).
Missiles
 A - 6 javelins
 B - 6 atropa-tipped darts (quivered)
 F - 3 throwing nets
Armour
 l - a +0 pair of boots (worn)
 J - a +2 cloak of poison resistance (worn)
 L - +0 steam dragon scales
 P - a +0 pair of gloves (worn)
 R - a +0 troll leather armour
 Z - a +1 plate armour of willpower (worn)
Magical Staves
 f - a staff of earth
 X - a staff of death
Jewellery
 j - a +6 ring of strength
 k - a ring of willpower (left hand)
 r - a +4 ring of protection
 C - a ring of ice
 Q - an amulet of magic regeneration
 T - an amulet of reflection (around neck)
 V - a +5 ring of evasion (right hand)
Wands
 e - a wand of roots (9)
 g - a wand of digging (5)
 u - a wand of light (11)
 O - a wand of charming (5)
Scrolls
 c - a scroll of fog
 d - 2 scrolls of magic mapping
 i - a scroll of amnesia
 o - a scroll of poison
 p - 6 scrolls of teleportation
 x - a scroll of fear
 y - 2 scrolls of brand weapon
 G - 3 scrolls of identify
Potions
 h - 7 potions of curing
 m - 4 potions of haste
 n - 3 potions of brilliance
 q - 2 potions of resistance
 s - 3 potions of lignification
 t - a potion of magic
 v - 7 potions of flight
 w - a potion of invisibility
 D - a potion of ambrosia
 H - a potion of attraction
 M - a potion of berserk rage
Miscellaneous
 Y - a box of beasts


   Skills:
 - Level 7.0 Fighting
 - Level 5.4 Short Blades
 + Level 14.5 Axes
 - Level 2.6 Ranged Weapons
 - Level 5.9 Dodging
 - Level 7.8 Stealth
 - Level 2.1 Spellcasting
 - Level 2.3 Conjurations
 - Level 2.3 Hexes


You had 11 spell levels left.
You knew the following spells:

 Your Spells              Type           Power      Damage    Failure   Level
a - Fulminant Prism       Conj/Hex       4%         3d5       100%        4

Your spell library contained the following spells:

 Spells                   Type           Power      Damage    Failure   Level
 Magic Dart               Conj           36%        1d4       100%        1
 Searing Ray              Conj           18%        2d5       100%        2
 Hailstorm                Conj/Ice       5%         3d4       100%        3
 Ice Form                 Ice/Tmut       1%         N/A       100%        4
 Simulacrum               Ice/Necr       0%         N/A       100%        6


Dungeon Overview and Level Annotations

Branches:
Dungeon (12/15)            Temple (1/1) D:4            Lair (0/5) D:11
    Orc (0/2) D:9

Altars:
Ashenzari
Cheibriados
Dithmenos
Fedhas
Gozag
Hepliaklqana
Kikubaaqudgha
Makhleb
Nemelex Xobeh
Okawaru
Qazlal
Ru
Sif Muna
Trog
Uskayaw
Vehumet
Wu Jian
Xom
Yredelemnul

Annotations:
D:4 2 transporters, Irreverend's ghost, amateur DEHs
D:12 4 transporters


Innate Abilities, Weirdness & Mutations

You have sharp fingernails.
Your demonic aura sometimes causes spilled blood to erupt in flames.
You regenerate a lot of health from kills.
When seriously injured, your blood forms armour. (AC +6)


Message History

You block the skeletal warrior's attack.
Okay, then.
Aiming: Wall Jump
Press: ? - help, Dir - move target
Okay, then.
Your muscles tense, ready for explosive movement...
Aiming: Wall Jump
Press: ? - help, Dir - move target You repeatedly attack the skeletal warrior from above, with incredible momentum.
You slash the skeletal warrior!
The skeletal warrior is moderately damaged.
You slash the skeletal warrior!
The skeletal warrior is heavily damaged.
Your supernatural speed expires.
Okay, then.
Okay, then.
Casting: Fulminant Prism (extremely dangerous; 100% risk of failure)
Confirm with . or Enter, or press ? or * to list all spells.
Okay, then.
Casting: Fulminant Prism (extremely dangerous; 100% risk of failure)
Confirm with . or Enter, or press ? or * to list all spells.
Okay, then.
Okay, then.
Aiming: Fastroot
Press: ? - help, Shift-Dir - straight line, f - skeletal warrior
Aim: a skeletal warrior, wielding a +0 war axe (golden dust, heavily damaged, haloed)
The roots erupt in riotous growth!
Roots grab the skeletal warrior.
Roots grab the manticore.
The grasping roots constrict the manticore.
The grasping roots constrict the skeletal warrior.
The manticore struggles to escape constriction.
The skeletal warrior hits you but does no damage.
You slash the skeletal warrior!
The skeletal warrior is severely damaged.
The grasping roots constrict the manticore.
You kill the manticore!
The Council accepts your kill.
The grasping roots constrict the skeletal warrior, but do no damage.
The skeletal warrior hits you with a +0 war axe!!
You die...

#..(......#####
##............#
##........##.#
###.......#.#
####....#.#
#####..#.#
#§☼###...# ####
#☼z#§#...# ...#
§##@###..##
##.#
.#§§#§§#...##
##.#
..#☼§#§§'....#
##.# ##
#######...##
##?# #.....##
##.# #...)##
##.# #.#.##
##.# #.#. ##.#
. #.


You could see a skeletal warrior (rooted).

Vanquished Creatures
  Fannar (D:10)
  Erolcha (D:12)
  A two-headed ogre (D:12)
  Urug (D:10)
  3 skeletal warriors
  A deep elf pyromancer (D:12)
  Pikel (D:8)
  2 ugly things
  A manticore (D:12)
  3 cyclopes
  Maurice (D:8)
  Joseph (D:7)
  An unseen horror (D:8)
  A gargoyle (D:11)
  A kobold demonologist (D:11)
  A komodo dragon (D:11)
  Psyche (D:10)
  3 trolls
  2 hornets
  Prince Ribbit (D:8)
  Grinder (D:3)
  A slime creature (D:8)
  Sigmund (D:3)
  22 yaks
  A wyvern (D:11)
  3 steam dragons
  A wraith (D:11)
  3 vampire mosquitoes
  3 acid dragons
  6 water moccasins
  3 ice beasts
  A sky beast (D:7)
  2 black bears
  2 orc warriors
  An ogre (D:6)
  5 centaurs
  2 lemures (D:8)
  A kobold brigand (D:8)
  5 bullfrogs
  2 gnoll sergeants
  3 scorpions
  5 wights (D:7)
  8 killer bees (D:9)
  4 howler monkeys
  A jelly (D:6)
  3 quasits (D:5)
  5 hounds
  7 orc priests
  2 sleepcaps
  A gnoll bouda (D:5)
  Terence (D:3)
  Natasha (thrice) (D:3)
  7 iguanas
  10 orc wizards
  25 gnolls
  9 adders
  3 shadow imps
  A white imp (D:7)
  2 worms (D:2)
  7 dart slugs
  24 orcs
  6 endoplasms
  3 giant cockroaches
  2 goblins (D:1)
  13 hobgoblins
  4 jackals (D:2)
  13 kobolds
  3 quokkas
  6 ball pythons
  4 bats
  6 frilled lizards
  6 rats
291 creatures vanquished.

Notes
Turn   | Place    | Note
-------+----------+-------------------------------------------
     0 | D:5      | croobank the Demonspawn Delver began the quest for the Orb.
     0 | D:5      | Reached XP level 1. HP: 18/18 MP: 1/1
    22 | D:6      | Noticed an iguana
    44 | D:6      | Noticed an orc priest
   153 | D:4      | Found a staircase to the Ecumenical Temple.
   161 | Temple   | Entered the Ecumenical Temple
   318 | D:4      | Noticed an iguana
   371 | D:4      | Gained mutation: When seriously injured, your blood forms
                  | armour. (AC +6) [demonic ancestry]
   371 | D:4      | Reached XP level 2. HP: 11/24 MP: 2/2
   625 | D:3      | Found a faded altar of an unknown god.
   629 | D:3      | Prayed at the altar of an unknown god.
   629 | D:3      | Became a worshipper of the Wu Jian Council
   629 | D:3      | Reached * piety under Wu Jian
   713 | D:3      | Found a sparkling altar of Nemelex Xobeh.
   832 | D:3      | Found a burning altar of Makhleb.
   838 | D:3      | Noticed Grinder
  1060 | D:3      | Noticed Terence
  1083 | D:3      | HP: 1/24 [Terence/+1 heavy flail (6)]
  1108 | D:3      | Gained mutation: You regenerate a little health from kills.
                  | [demonic ancestry]
  1108 | D:3      | Reached XP level 3. HP: 5/29 MP: 1/3
  1538 | D:1      | Reached skill level 5 in Stealth
  1538 | D:1      | Reached XP level 4. HP: 35/35 MP: 4/4
  1717 | D:1      | Reached ** piety under Wu Jian
  2656 | D:3      | Noticed Natasha
  2663 | D:3      | Killed Natasha
  2664 | D:3      | Gained mutation: You regenerate health from kills. [demonic
                  | ancestry]
  2664 | D:3      | Reached XP level 5. HP: 7/42 MP: 3/5
  3253 | D:3      | Noticed Sigmund
  3389 | D:3      | Noticed Natasha
  3418 | D:3      | Killed Natasha
  3459 | D:3      | Noticed Natasha
  3463 | D:3      | Killed Natasha
  3788 | D:3      | Killed Terence
  3789 | D:3      | Reached XP level 6. HP: 41/48 MP: 4/6
  3795 | D:3      | Paralysed by Grinder for 4 turns
  3800 | D:3      | Killed Grinder
  4000 | D:4      | Noticed Irreverend's ghost (amateur DEHs)
  4017 | D:4      | Found a transporter.
  4020 | D:4      | Found a shadowy altar of Dithmenos.
  4104 | D:4      | Gained mutation: Your demonic aura sometimes causes spilled
                  | blood to erupt in flames. [demonic ancestry]
  4104 | D:4      | Reached XP level 7. HP: 50/55 MP: 5/7
  4142 | D:4      | Found a transporter.
  4216 | D:4      | Reached *** piety under Wu Jian
  4614 | D:4      | Found a sacrificial altar of Ru.
  4752 | D:4      | Reached skill level 5 in Fighting
  5001 | D:5      | Found a bloodstained altar of Trog.
  5131 | D:5      | Gained mutation: You regenerate a lot of health from kills.
                  | [demonic ancestry]
  5131 | D:5      | Reached XP level 8. HP: 55/63 MP: 5/8
  5797 | D:5      | Reached skill level 5 in Dodging
  5798 | D:5      | Reached skill level 5 in Short Blades
  5931 | D:5      | Reached **** piety under Wu Jian
  6503 | D:3      | Killed Sigmund
  6504 | D:3      | Reached skill level 1 in Ranged Weapons
  6595 | D:3      | Identified the +5 war axe of Distant Worlds {elec, rElec
                  | rF+}
  6843 | D:6      | Found a hazy altar of Hepliaklqana.
  6844 | D:6      | Found a faded altar of an unknown god.
  7039 | D:6      | Gained mutation: You have sharp fingernails. [demonic
                  | ancestry]
  7039 | D:6      | Reached XP level 9. HP: 42/71 MP: 7/10
  7064 | D:6      | Reached skill level 1 in Conjurations
  7158 | D:6      | Reached skill level 1 in Hexes
  7168 | D:6      | Reached skill level 1 in Spellcasting
  8344 | D:7      | Reached skill level 1 in Axes
  8656 | D:7      | Noticed Joseph
  8658 | D:7      | Reached skill level 2 in Axes
  8678 | D:7      | Killed Joseph
  8679 | D:7      | Reached skill level 3 in Axes
  8810 | D:7      | Learned a level 4 spell: Fulminant Prism
  8859 | D:7      | Reached skill level 4 in Axes
  8932 | D:7      | Found a broken altar of Ashenzari.
  8933 | D:7      | Found an opulent altar of Gozag.
  8933 | D:7      | Found an ornate altar of the Wu Jian Council.
  8934 | D:7      | Found a snail-covered altar of Cheibriados.
  8934 | D:7      | Found a hide-covered altar of Uskayaw.
  8936 | D:7      | Found a stormy altar of Qazlal.
  8936 | D:7      | Found a radiant altar of Vehumet.
  8936 | D:7      | Found a blossoming altar of Fedhas.
  9047 | D:8      | Noticed Maurice
  9064 | D:8      | Killed Maurice
  9065 | D:8      | Reached skill level 5 in Axes
  9065 | D:8      | Reached XP level 10. HP: 69/79 MP: 11/13
  9237 | D:8      | Reached skill level 6 in Axes
  9478 | D:8      | Noticed a cyclops
  9487 | D:8      | Killed a cyclops
  9488 | D:8      | Reached skill level 7 in Axes
  9511 | D:8      | Identified the +9 great sword "Leckoy" {flame, rC+ SInv
                  | Stlth+}
  9530 | D:8      | Identified the +3 scimitar of the Vestibule of Hell {venom,
                  | Str+2 Int-5 Dex+5}
  9627 | D:8      | Reached skill level 8 in Axes
  9768 | D:8      | Noticed Prince Ribbit
  9776 | D:8      | Killed Prince Ribbit
 10016 | D:8      | Noticed Pikel
 10021 | D:8      | Killed Pikel
 10022 | D:8      | Reached skill level 9 in Axes
 10440 | D:9      | Reached XP level 11. HP: 84/84 MP: 14/14
 10491 | D:9      | Reached skill level 10 in Axes
 10500 | D:9      | Reached ***** piety under Wu Jian
 10537 | D:9      | Found a staircase to the Orcish Mines.
 10929 | D:10     | Entered Level 10 of the Dungeon
 11232 | D:10     | Noticed Psyche
 11251 | D:10     | Killed Psyche
 11252 | D:10     | Reached skill level 11 in Axes
 11275 | D:10     | Noticed Fannar
 11661 | D:10     | Noticed Urug
 11670 | D:10     | Killed Urug
 11718 | D:10     | Killed Fannar
 12268 | D:10     | Reached skill level 12 in Axes
 12321 | D:11     | Noticed a red ugly thing
 12466 | D:11     | Identified the +1 leather armour of Valiance {rF- rN+
                  | Dex+3}
 12587 | D:11     | Found a staircase to the Lair.
 12668 | D:11     | Killed a red ugly thing
 12669 | D:11     | Reached skill level 13 in Axes
 12893 | D:12     | Noticed a two-headed ogre
 12896 | D:12     | Found a transporter.
 12898 | D:12     | Found a transporter.
 12908 | D:12     | Killed a two-headed ogre
 12908 | D:12     | Reached XP level 12. HP: 91/91 MP: 15/15
 12990 | D:12     | Found a transporter.
 13015 | D:12     | Noticed Erolcha
 13035 | D:12     | Killed Erolcha
 13199 | D:12     | Found a transporter.
 13356 | D:12     | Reached skill level 14 in Axes
 14122 | D:12     | Slain by a skeletal warrior

Illustrated notes

Levels and vault maps discovered:
D:1:      psy_arrival_statuary, layout_loops_ring
D:2:      layout_basic, nicolae_figureground_sparkle
D:3:      minmay_door_path, layout_loops_ring,
          mainiacjoe_overflow_small_starburst,
          mainiacjoe_overflow_surrounded_room, chequers_ecumenical_altar_grove,
          dreamdust_wishing_well, uniq_grinder, uniq_terence, uniq_natasha,
          uniq_sigmund
D:4:      layout_gridville, overflow_temple_1_default, kennysheep_mini_moat,
          minmay_temple_entry_arrows, gammafunk_ghost_stat_death
D:5:      cheibrodos_quashed, layout_rooms, amcnicky_altar_gilded, st_stairs_6,
          minmay_manual_moon, uniq_menkaure, uniq_blork_the_orc
D:6:      layout_cave_pods, beargit_hepliaklqana_dungeon_heroes,
          kennysheep_cross_bottleneck
D:7:      layout_gridville, nicolae_overflows_in_rows, uniq_joseph
D:8:      layout_loops_ring, minmay_the_grid_2x2 [minmay_the_grid_spin_star,
          minmay_the_grid_x, minmay_the_grid_embedded,
          minmay_the_grid_prize_diamond_cup], uniq_maurice, uniq_pikel,
          uniq_prince_ribbit1
D:9:      layout_loops_ring, orc_0_dummy
D:10:     layout_stronghold, uniq_urug, uniq_fannar, uniq_psyche
D:11:     layout_big_octagon, david_lair_shrubbed
D:12:     minmay_s_stair_smasher, layout_loops_ring, nicolae_diode_quadrants,
          uniq_erolcha
Temple:   nicolae_temple_ecumenical_triangle

Skill      XL: |  1  2  3  4  5  6  7  8  9 10 11 12 |
---------------+-------------------------------------+-----
Short Blades   | 2 3 4 5 |  5.4
Dodging        | 2 3 4 5 |  5.9
Stealth        | 5 6 7 |  7.8
Fighting       | 4 5 6 7 |  7.0
Ranged Weapons | 1 2 |  2.6
Conjurations   | 2 |  2.3
Hexes          | 2 |  2.3
Spellcasting   | 2 |  2.1
Axes           | 5 9 13 14 | 14.5

Action                     |  1- 3 |  4- 6 |  7- 9 | 10-12 || total
---------------------------+-------+-------+-------+-------++-------
  Melee: Short sword       |   137 |       |   117 |       ||   254
         Hand axe          |    12 |   155 |   161 |       ||   328
         War axe           |       |       |    79 |   327 ||   406
         Punch             |       |       |     4 |     6 ||    10
         Shortbow          |       |       |     1 |       ||     1
         Quarterstaff      |       |       |    56 |    79 ||   135
         Dagger            |       |       |       |    89 ||    89
         Unarmed           |       |       |       |     5 ||     5
   Fire: Sling             |     8 |       |       |       ||     8
         Shortbow          |       |       |    25 |       ||    25
  Throw: Dart              |       |       |     3 |       ||     3
 Invoke: Serpent's Lash    |       |       |     2 |     4 ||     6
         Heavenly Storm    |       |       |       |     1 ||     1
Ability: Whirlwind         |    15 |     5 |     9 |    53 ||    82
         Lunge             |    10 |    15 |    13 |    28 ||    66
         Wall Jump         |       |       |     5 |     7 ||    12
  Evoke: Wand              |     1 |     8 |     6 |     9 ||    24
    Use: Scroll            |     3 |     6 |     5 |    14 ||    28
         Potion            |     3 |     1 |       |     2 ||     6
   Stab: Sleeping          |     5 |    12 |     6 |     2 ||    25
         Invisible         |       |     1 |       |     4 ||     5
         Confused          |       |       |       |     2 ||     2
 Armour: Leather armour    |    17 |    52 |    63 |       ||   132
         Steam dragon scal |       |       |    28 |     4 ||    32
         Troll leather arm |       |       |       |    61 ||    61
         Plate armour      |       |       |       |    32 ||    32
  Dodge: Dodged            |    64 |   104 |   271 |   255 ||   694
  Block: Other             |       |       |       |    66 ||    66
         Reflection        |       |       |       |     2 ||     2
